RES
MOSMAN CUBS @ LIDCOMBE SWANS
06/13/2022
 
TOP OF THE 1ST
Mosman Cubs batting - Pitching for Lidcombe Swans : RHP Jim Harold
Pitching: RHP Jim Harold
Batting: RHB Zachery Gilleland 0-0: Called Strike
0-1: Swinging Strike
0-2: Ball
1-2: Reached on error, E5 (Groundball, 5L, EV 96.9 MPH)
Batting: RHB Jim Raymont 0-0: Called Strike
0-1: Foul Ball, location: 3SF
0-2: Ball
1-2: Ball
2-2: Ball
3-2: Foul Ball, location: 5FF
3-2: Foul Ball, location: 2F
3-2: DOUBLE (Groundball, 5L, EV 100.6 MPH)
Zachery Gilleland scores
Batting: LHB Shayne Akehurst 0-0: Ground out 4-3 (Groundball, 4, EV 109.4 MPH)
Jim Raymont to third
Batting: LHB Zayne Caples 0-0: Ground out 4-3 (Groundball, 4M, EV 81.9 MPH)
Batting: RHB Steve Walmsley 0-0: Called Strike
0-1: Called Strike
0-2: SINGLE (Groundball, P, EV 86.9 MPH) (infield hit)
Jim Raymont scores
Batting: RHB Al Reid 0-0: Ball
1-0: Ball
2-0: Fly out, F8 (Flyball, 78M, EV 91.3 MPH)
Top of the 1st over - 2 runs, 2 hits, 1 error, 1 left on base; Mosman 2 - Lidcombe 0
BOTTOM OF THE 1ST
Lidcombe Swans batting - Pitching for Mosman Cubs : RHP Matthew French
Pitching: RHP Matthew French
Batting: LHB Denis Wych 0-0: Called Strike
0-1: Foul Ball, location: 7LDF
0-2: Ground out 3-1 (Groundball, 34S, EV 72.5 MPH)
Batting: RHB Kurt Daley 0-0: SINGLE (Line Drive, 34D, EV 105.0 MPH)
Batting: LHB Tony Bellett 0-0: Called Strike
0-1: Ball
1-1: SINGLE (Groundball, 4MD, EV 106.9 MPH)
Kurt Daley to second
Runner from 2nd tries for 3rd, SAFE, throw by CF made to third
Batting: LHB Reegan Meggison 0-0: Ball
1-0: Ball
Tony Bellett is caught stealing 2nd base 2-6
2-0: Foul Ball, location: 9LSF
2-1: Fly out, F8 (Flyball, 8RM, EV 93.8 MPH)
Bottom of the 1st over - 0 runs, 2 hits, 0 errors, 1 left on base; Mosman 2 - Lidcombe 0
TOP OF THE 2ND
Mosman Cubs batting - Pitching for Lidcombe Swans : RHP Jim Harold
Batting: RHB Sam Beamish 0-0: Called Strike
0-1: Swinging Strike
0-2: Ball
1-2: Strikes out looking
Batting: LHB Coop Ross 0-0: Swinging Strike
0-1: Foul Ball, location: 2F
0-2: Ground out 4-3 (Groundball, 4D, EV 81.3 MPH)
Batting: RHB John Turvill 0-0: Ball
1-0: Foul Ball, location: 2F
1-1: Ball
2-1: Called Strike
2-2: Ground out 1-3 (Groundball, 15, EV 65.0 MPH)
Top of the 2nd over - 0 runs, 0 hits, 0 errors, 0 left on base; Mosman 2 - Lidcombe 0
BOTTOM OF THE 2ND
Lidcombe Swans batting - Pitching for Mosman Cubs : RHP Matthew French
Batting: RHB Linc Ellis 0-0: Foul Ball, location: 9LSF
0-1: Ball
1-1: Ball
2-1: Ground out 4-3 (Groundball, 34, EV 100.6 MPH)
Batting: RHB Frank Kinsey 0-0: Ball
1-0: Foul Ball, location: 2F
1-1: Swinging Strike
1-2: Ball
2-2: SINGLE (Line Drive, 89S, EV 106.9 MPH)
Batting: RHB Steve Cookson 0-0: Ball
1-0: Reached on error, E6 (Groundball, 6, EV 84.4 MPH)
Frank Kinsey to second
Batting: LHB Frank Heggadon 0-0: Swinging Strike
0-1: Ball
1-1: Ball
2-1: Called Strike
2-2: Strikes out swinging
Batting: RHB John Goodall 0-0: Called Strike
0-1: Foul Ball, location: 2F
0-2: Ball
1-2: Ground out 4-3 (Groundball, 4S, EV 67.5 MPH)
Bottom of the 2nd over - 0 runs, 1 hit, 1 error, 2 left on base; Mosman 2 - Lidcombe 0
TOP OF THE 3RD
Mosman Cubs batting - Pitching for Lidcombe Swans : RHP Jim Harold
Batting: RHB Zachery Gilleland 0-0: Fly out, F7 (Line Drive, 7, EV 90.0 MPH)
Batting: RHB Jim Raymont 0-0: Ball
1-0: Fly out, F7 (Line Drive, 7, EV 89.4 MPH)
Batting: LHB Shayne Akehurst 0-0: Ball
1-0: Ball
2-0: Ball
3-0: Base on Balls
Batting: LHB Zayne Caples 0-0: Ball
1-0: Ball
2-0: Ball
3-0: Base on Balls
Shayne Akehurst to second
Batting: RHB Steve Walmsley 0-0: Ball
1-0: Swinging Strike
1-1: SINGLE (Line Drive, 89M, EV 90.0 MPH)
Shayne Akehurst to third
Zayne Caples to second
Runner from 3rd tries for Home, SAFE, throw by CF to home
Batting: RHB Al Reid 0-0: Called Strike
0-1: Foul Ball, location: 3SF
0-2: SINGLE (Line Drive, 7S, EV 99.4 MPH)
Zayne Caples to third
Steve Walmsley to second
Runner from 3rd tries for Home, SAFE, throw by LF to home
Batting: RHB Sam Beamish 0-0: Ball
1-0: Foul Ball, location: 9LMF
1-1: 3-RUN HOME RUN (Flyball, 7D, EV 95.6 MPH), Distance : 364 ft
Batting: LHB Coop Ross 0-0: Called Strike
0-1: SINGLE (Flyball, 4MD, EV 91.9 MPH)
Batting: RHB John Turvill 0-0: Called Strike
0-1: Swinging Strike
0-2: Ball
1-2: Strikes out swinging, 2-3 out at first.
Top of the 3rd over - 5 runs, 4 hits, 0 errors, 1 left on base; Mosman 7 - Lidcombe 0
BOTTOM OF THE 3RD
Lidcombe Swans batting - Pitching for Mosman Cubs : RHP Matthew French
Batting: LHB Denis Wych 0-0: Swinging Strike
0-1: Foul Ball, location: 3F
0-2: Strikes out looking
Batting: RHB Kurt Daley 0-0: Ball
1-0: Foul Ball, location: 7LMFF
1-1: Ground out 6-3 (Groundball, 6, EV 86.9 MPH)
Batting: LHB Tony Bellett 0-0: Ball
1-0: Ball
2-0: Ball
3-0: Base on Balls
Batting: LHB Reegan Meggison 0-0: Called Strike
Tony Bellett steals 2nd base
0-1: Swinging Strike
0-2: Strikes out looking
Bottom of the 3rd over - 0 runs, 0 hits, 0 errors, 1 left on base; Mosman 7 - Lidcombe 0
TOP OF THE 4TH
Mosman Cubs batting - Pitching for Lidcombe Swans : RHP Jim Harold
Pitching: RHP Tim Scroggs
Batting: RHB Zachery Gilleland 0-0: Ball
1-0: Ground out 6-3 (Groundball, 56, EV 84.4 MPH)
Batting: RHB Jim Raymont 0-0: Ball
1-0: Ball
2-0: Called Strike
2-1: Foul Ball, location: 2F
2-2: Ball
3-2: Base on Balls
Batting: LHB Shayne Akehurst 0-0: Ball
1-0: Ball
2-0: Ball
3-0: Called Strike
3-1: Base on Balls
Jim Raymont to second
Batting: LHB Zayne Caples 0-0: Called Strike
0-1: Ball
1-1: Foul Ball, location: 2LF
1-2: Fly out, F7 (Flyball, 7D, EV 98.8 MPH)
Runner from 2nd tags up, SAFE at 3rd, no throw by LF
Batting: RHB Steve Walmsley 0-0: DOUBLE (Groundball, 5L, EV 105.6 MPH)
Jim Raymont scores
Shayne Akehurst to third
Batting: RHB Al Reid 0-0: Ball
1-0: Called Strike
1-1: Ball
2-1: Foul Ball, location: 9LMF
2-2: Fly out, F9 (Flyball, 9LS, EV 92.5 MPH)
Top of the 4th over - 1 run, 1 hit, 0 errors, 2 left on base; Mosman 8 - Lidcombe 0
BOTTOM OF THE 4TH
Lidcombe Swans batting - Pitching for Mosman Cubs : RHP Matthew French
Batting: RHB Linc Ellis 0-0: Foul Ball, location: 5F
0-1: Ground out 5-3 (Groundball, 15, EV 84.4 MPH)
Batting: RHB Frank Kinsey 0-0: Ball
1-0: Swinging Strike
1-1: Called Strike
1-2: Strikes out swinging
Batting: RHB Steve Cookson 0-0: Called Strike
0-1: Ball
1-1: Swinging Strike
1-2: Fly out, F8 (Flyball, 8RD, EV 111.3 MPH)
Bottom of the 4th over - 0 runs, 0 hits, 0 errors, 0 left on base; Mosman 8 - Lidcombe 0
TOP OF THE 5TH
Mosman Cubs batting - Pitching for Lidcombe Swans : RHP Tim Scroggs
Batting: RHB Sam Beamish 0-0: Ball
1-0: Foul Ball, location: 5F
1-1: Foul Ball, location: 5FF
1-2: Hit by Pitch
Batting: LHB Coop Ross 0-0: Ball
1-0: Called Strike
1-1: Ball
2-1: Fly out, F5 (Popup, 5SF, EV 68.1 MPH)
Batting: RHB John Turvill 0-0: Called Strike
0-1: Ball
1-1: SINGLE (Groundball, 34D, EV 103.1 MPH)
Sam Beamish to second
Runner from 2nd tries for 3rd, SAFE, throw by RF made to third
Batting: RHB Zachery Gilleland 0-0: Ball
1-0: Ball
2-0: Grounds into double play, 5-4-3 (Groundball, 56, EV 98.8 MPH)
Top of the 5th over - 0 runs, 1 hit, 0 errors, 1 left on base; Mosman 8 - Lidcombe 0
BOTTOM OF THE 5TH
Lidcombe Swans batting - Pitching for Mosman Cubs : RHP Matthew French
Batting: LHB Frank Heggadon 0-0: Ball
1-0: Called Strike
1-1: SINGLE (Groundball, 6S, EV 65.6 MPH) (infield hit)
Batting: RHB John Goodall 0-0: Ball
1-0: Ball
2-0: Called Strike
2-1: Ball
3-1: Foul Ball, location: 2F
3-2: 2-RUN HOME RUN (Flyball, 7D, EV 94.4 MPH), Distance : 353 ft
Batting: LHB Denis Wych 0-0: Fly out, F8 (Flyball, 8RM, EV 97.5 MPH)
Batting: RHB Kurt Daley 0-0: Ball
1-0: Called Strike
1-1: Ball
2-1: Foul Ball, location: 2F
2-2: Ground out 5-3 (Groundball, 5L, EV 84.4 MPH)
Batting: LHB Tony Bellett 0-0: Ball
1-0: Ball
2-0: Foul Ball, location: 3FF
2-1: Called Strike
2-2: Foul Ball, location: 9LDF
2-2: SINGLE (Groundball, 4MD, EV 96.9 MPH)
Batting: LHB Reegan Meggison 0-0: Ball
1-0: Called Strike
1-1: Ball
2-1: Ball
3-1: Base on Balls
Tony Bellett to second
Batting: RHB Linc Ellis 0-0: Foul Ball, location: 3SF
0-1: Swinging Strike
0-2: Ball
1-2: Ball
2-2: Fly out, F3 (Popup, 3SF, EV 72.5 MPH)
Bottom of the 5th over - 2 runs, 3 hits, 0 errors, 2 left on base; Mosman 8 - Lidcombe 2
TOP OF THE 6TH
Mosman Cubs batting - Pitching for Lidcombe Swans : RHP Tim Scroggs
Batting: RHB Jim Raymont 0-0: Ball
1-0: Ball
2-0: Ground out 4-3 (Groundball, 4S, EV 92.5 MPH)
Batting: LHB Shayne Akehurst 0-0: Swinging Strike
0-1: Foul Ball, location: 23FF
0-2: Strikes out swinging
Batting: LHB Zayne Caples 0-0: Called Strike
0-1: Ball
1-1: Foul Ball, location: 2F
1-2: Strikes out looking
Top of the 6th over - 0 runs, 0 hits, 0 errors, 0 left on base; Mosman 8 - Lidcombe 2
BOTTOM OF THE 6TH
Lidcombe Swans batting - Pitching for Mosman Cubs : RHP Matthew French
Batting: RHB Frank Kinsey 0-0: Ball
1-0: Ball
2-0: Ground out 5-3 (Groundball, 56S, EV 92.5 MPH)
Batting: RHB Steve Cookson 0-0: Called Strike
0-1: Swinging Strike
0-2: Ball
1-2: Foul Ball, location: 2F
1-2: Foul Ball, location: 2F
1-2: Foul Ball, location: 23FF
1-2: Strikes out looking
Batting: LHB Frank Heggadon 0-0: Ball
1-0: Fly out, F9 (Flyball, 9, EV 96.9 MPH)
Bottom of the 6th over - 0 runs, 0 hits, 0 errors, 0 left on base; Mosman 8 - Lidcombe 2
TOP OF THE 7TH
Mosman Cubs batting - Pitching for Lidcombe Swans : RHP Tim Scroggs
Batting: RHB Steve Walmsley 0-0: Called Strike
0-1: SOLO HOME RUN (Flyball, 9D, EV 98.1 MPH), Distance : 388 ft
Batting: RHB Al Reid 0-0: Ball
1-0: Fly out, F3 (Popup, 3SF, EV 80.6 MPH)
Batting: RHB Sam Beamish 0-0: Called Strike
0-1: Called Strike
0-2: Strikes out looking
Batting: LHB Coop Ross 0-0: Ball
1-0: Ball
2-0: Ball
3-0: Base on Balls
Pitching: RHP Donnie Duval
Batting: RHB John Turvill 0-0: Ball
1-0: Ball
2-0: Swinging Strike
2-1: Swinging Strike
2-2: Strikes out swinging
Top of the 7th over - 1 run, 1 hit, 0 errors, 1 left on base; Mosman 9 - Lidcombe 2
BOTTOM OF THE 7TH
Lidcombe Swans batting - Pitching for Mosman Cubs : RHP Matthew French
Batting: RHB John Goodall 0-0: Called Strike
0-1: Ball
1-1: Swinging Strike
1-2: Ball
2-2: SINGLE (Groundball, 4MD, EV 105.0 MPH)
Batting: LHB Denis Wych 0-0: Ball
1-0: Ground out 4-3 (Groundball, 4S, EV 68.8 MPH)
John Goodall to second
Batting: RHB Kurt Daley 0-0: Ball
1-0: Foul Ball, location: 9LDF
1-1: Ground out 6-3 (Groundball, 6, EV 99.4 MPH)
Pitching: RHP Carsten Thurling
Batting: LHB Tony Bellett 0-0: Ball
1-0: Ball
2-0: Ball
3-0: Foul Ball, location: 3DF
3-1: 2-RUN HOME RUN (Flyball, 78XD, EV 96.3 MPH), Distance : 405 ft
Batting: LHB Reegan Meggison 0-0: Foul Ball, location: 2RF
0-1: Ball
1-1: Foul Ball, location: 9LDF
1-2: Fly out, F9 (Flyball, 9S, EV 86.3 MPH)
Bottom of the 7th over - 2 runs, 2 hits, 0 errors, 0 left on base; Mosman 9 - Lidcombe 4
TOP OF THE 8TH
Mosman Cubs batting - Pitching for Lidcombe Swans : RHP Donnie Duval
Batting: RHB Zachery Gilleland 0-0: Ground out 3-1 (Groundball, 34S, EV 78.1 MPH)
Batting: RHB Jim Raymont 0-0: Fly out, F8 (Flyball, 8RS, EV 87.5 MPH)
Batting: LHB Shayne Akehurst 0-0: Called Strike
0-1: Swinging Strike
0-2: Strikes out looking
Top of the 8th over - 0 runs, 0 hits, 0 errors, 0 left on base; Mosman 9 - Lidcombe 4
BOTTOM OF THE 8TH
Lidcombe Swans batting - Pitching for Mosman Cubs : RHP Carsten Thurling
Batting: RHB Linc Ellis 0-0: Ground out 2-3 (Groundball, 2L, EV 69.4 MPH)
Batting: RHB Frank Kinsey 0-0: Ball
1-0: Fly out, F8 (Line Drive, 78D, EV 88.8 MPH)
Batting: RHB Steve Cookson 0-0: Called Strike
0-1: Foul Ball, location: 2F
0-2: Ball
1-2: Foul Ball, location: 2F
1-2: Foul Ball, location: 3F
1-2: Strikes out swinging
Bottom of the 8th over - 0 runs, 0 hits, 0 errors, 0 left on base; Mosman 9 - Lidcombe 4
TOP OF THE 9TH
Mosman Cubs batting - Pitching for Lidcombe Swans : RHP Donnie Duval
Batting: LHB Zayne Caples 0-0: Swinging Strike
0-1: Ball
1-1: Ball
2-1: Foul Ball, location: 25FF
2-2: Ground out 5-3 (Groundball, 56S, EV 86.3 MPH)
Batting: RHB Steve Walmsley 0-0: Ball
1-0: Called Strike
1-1: Ball
2-1: SINGLE (Groundball, 23, EV 88.8 MPH) (infield hit)
Batting: RHB Al Reid 0-0: Ball
1-0: Foul Ball, location: 2F
1-1: Ball
2-1: SINGLE (Groundball, 4MD, EV 95.0 MPH)
Steve Walmsley to second
Batting: RHB Sam Beamish 0-0: Ball
1-0: Swinging Strike
1-1: Swinging Strike
1-2: Fly out, F8 (Flyball, 89D, EV 107.5 MPH)
Batting: LHB Coop Ross 0-0: Ball
1-0: Fly out, F5 (Popup, 15S, EV 89.4 MPH)
Top of the 9th over - 0 runs, 2 hits, 0 errors, 2 left on base; Mosman 9 - Lidcombe 4
BOTTOM OF THE 9TH
Lidcombe Swans batting - Pitching for Mosman Cubs : RHP Carsten Thurling
Batting: LHB Frank Heggadon 0-0: Ball
1-0: Ball
2-0: Called Strike
2-1: Foul Ball, location: 2F
2-2: Foul Ball, location: 9LMF
2-2: Fly out, F9 (Flyball, 9D, EV 110.6 MPH)
Batting: RHB John Goodall 0-0: Called Strike
0-1: Foul Ball, location: 2F
0-2: Ball
1-2: Fly out, F9 (Line Drive, 9LM, EV 109.4 MPH)
Batting: LHB Denis Wych 0-0: Fly out, F7 (Flyball, 7S, EV 80.0 MPH)
Bottom of the 9th over - 0 runs, 0 hits, 0 errors, 0 left on base; Mosman 9 - Lidcombe 4
Thursday, May 2nd , 2024 - OOTP Baseball 24.9 Build 80